 Dungeon Crawl Stone Soup version 0.21-a0-504-g2eda330 (webtiles) character file.

105 Roak the Insei (level 4, -2/34 HPs)
             Began as a Barachi Transmuter on Nov 25, 2017.
             Was a Follower of Cheibriados.
             Slain by a worm (4 damage)
             ... on level 3 of the Dungeon on Nov 26, 2017.
             The game lasted 00:17:43 (2555 turns).

Roak the Insei (Barachi Transmuter)                 Turns: 2555, Time: 00:17:44

Health: -2/34      AC:  3    Str: 15    XL:     4   Next: 83%
Magic:  6/7        EV: 13    Int: 17    God:    Cheibriados [*.....]
Gold:   108        SH:  0    Dex: 15    Spells: 0/7 levels left

rFire    . . .     SeeInvis .   a - +0 dagger (venom)
rCold    . . .     Gourm    .   (no shield)
rNeg     . . .     Faith    .   g - +0 leather armour
rPois    .         Spirit   .   (no helmet)
rElec    .         Reflect  .   (no cloak)
rCorr    .         Harm     .   (no gloves)
MR       .....                  (no boots)
Stlth    +.........             (no amulet)
HPRegen  0.11/turn              (no ring)
MPRegen  0.10/turn              (no ring)

@: very slow
A: +LOS, swims, slowness 1, strong legs 1
a: Hop, Bend Time, Renounce Religion


You were on level 3 of the Dungeon.
You worshipped Cheibriados.
Cheibriados was aware of your devotion.
You were not hungry.

You visited 1 branch of the dungeon, and saw 3 of its levels.

You collected 108 gold pieces.

Inventory:

Hand Weapons
 a - a +0 dagger of venom (weapon)
 b - a +0 blowgun
 e - a +0 spear
 j - a +0 dagger
 n - a +0 club
 t - a +0 hunting sling
Missiles
 i - 12 arrows
 p - 8 silver javelins (quivered)
 q - 10 poisoned needles
Armour
 g - a +0 leather armour (worn)
 y - a +0 robe
Magical Staves
 s - an uncursed staff of wizardry {unknown}
Scrolls
 f - 2 scrolls of identify {unknown}
 h - 2 scrolls of remove curse
 k - a scroll of enchant weapon {unknown}
 l - 2 scrolls of blinking {unknown}
 m - a scroll of noise {unknown}
 o - 2 scrolls of teleportation
 x - a scroll of enchant armour {unknown}
Potions
 r - a potion of invisibility {unknown}
 v - 2 potions of cancellation
 z - a potion of mutation {unknown}
Books
 c - a book of Changes

   Spells                             Type                      Level
   a - Beastly Appendage              Transmutation                1
   b - Sticks to Snakes               Transmutation                2
   c - Spider Form                    Transmutation/Poison         3
   d - Ice Form                       Ice/Transmutation            4
   e - Blade Hands                    Transmutation                5
Comestibles
 d - a bread ration
 u - a meat ration
 w - a royal jelly
 A - a chunk of flesh


   Skills:
 - Level 2.6 Fighting
 - Level 3.1 Dodging
 - Level 3.8 Unarmed Combat
 - Level 2.1 Spellcasting
 * Level 3.4 Transmutations
 + Level 1.2 Ice Magic


You couldn't memorise any spells.
You knew the following spells:

 Your Spells              Type           Power        Failure   Level  Hunger
a - Beastly Appendage     Tmut           ##....       5%          1    #......
b - Sticks to Snakes      Tmut           ##......     9%          2    ###....
c - Ice Form              Ice/Tmut       #.......     65%         4    #####..


Dungeon Overview and Level Annotations

Branches:
Dungeon (3/15)

Altars:
Cheibriados
Dithmenos
Elyvilon
Makhleb
Okawaru
Ru
Uskayaw


Innate Abilities, Weirdness & Mutations

Shadows flee at your approach. (+LOS)
You can swim through water.
You cover ground slowly.
You can hop short distances.


Message History

The orc closely misses you.
You hit the orc priest but do no damage.
The orc priest looks as sick as possible!
You claw the orc priest.
You kill the orc priest!
Cheibriados thoroughly appreciates the change of pace.
Cheibriados raises the support of your attributes as your movement slows.
Your Ice Magic skill increases to level 1!
The orc closely misses you.
Okay, then.
It was a potion of cancellation.
Your magical effects are unravelling.
You feel magically purged.
Your talons disappear.
The orc hits you from afar with a trident.
* * * LOW HITPOINT WARNING * * *
You hit the worm.
The worm is lightly wounded.
The orc closely misses you. The worm bites you.
You die... #.# #.#### #.#.( ##.#.# ##....# g.... oo.

#w# #@# .# #.# .#
##'## .# ##...## .#
##.....## .#
##.......## ##.##
#.........####...#####
+.........'...........
#.........####...#####


You could see a worm, an orc priest, an orc and a hobgoblin (wandering).

Vanquished Creatures
  An orc priest (D:3)
  An ooze (D:1)
  2 dart slugs (D:2)
  3 leopard geckos
  A ball python (D:1)
  4 giant cockroaches
  3 goblins (D:1)
  3 hobgoblins
  11 jackals (D:2)
  A quokka (D:1)
  8 bats
  6 frilled lizards
  9 kobolds
  9 rats
62 creatures vanquished.

Vanquished Creatures (others)
  5 toadstools (D:1)
5 creatures vanquished.

Grand Total: 67 creatures vanquished

Notes
Turn   | Place    | Note
-------+----------+-------------------------------------------
     0 | D:1      | Roak the Barachi Transmuter began the quest for the Orb.
     0 | D:1      | Reached XP level 1. HP: 15/15 MP: 3/3
   354 | D:1      | Reached XP level 2. HP: 21/21 MP: 3/5
   780 | D:1      | Reached XP level 3. HP: 27/27 MP: 4/6
   784 | D:1      | Learned a level 2 spell: Sticks to Snakes
  1615 | D:2      | Found a hide-covered altar of Uskayaw.
  1617 | D:2      | Found an iron altar of Okawaru.
  1619 | D:2      | Found a burning altar of Makhleb.
  1619 | D:2      | Found a white marble altar of Elyvilon.
  1619 | D:2      | Found a snail-covered altar of Cheibriados.
  1620 | D:2      | Found a sacrificial altar of Ru.
  1646 | D:2      | Became a worshipper of Cheibriados the Contemplative
  1874 | D:2      | Found a shadowy altar of Dithmenos.
  1883 | D:2      | Reached XP level 4. HP: 34/34 MP: 7/7
  1909 | D:2      | Learned a level 4 spell: Ice Form
  2045 | D:2      | Reached * piety under Cheibriados
  2553 | D:3      | Reached skill level 1 in Ice Magic
  2555 | D:3      | Slain by a worm

Vault maps used:
D:1:      ldierk_walled_garden
D:2:      nicolae_overflow_crystal_walls, grunt_temple_overflow_open
D:3:      first_bread, uniq_robin

Skill      XL: |  1  2  3  4 |
---------------+-------------+-----
Fighting       | 2 |  2.6
Dodging        | 3 |  3.1
Transmutations | 3 |  3.4
Ice Magic      | 1 |  1.2
Unarmed Combat | |  3.8
Spellcasting   | |  2.1

Action                   |  1- 3 |  4- 6 || total
-------------------------+-------+-------++-------
Melee: Unarmed           |    83 |     8 ||    91
       Kick              |     5 |     2 ||     7
       Headbutt          |     7 |     4 ||    11
       Dagger            |    61 |    41 ||   102
       Spear             |    11 |       ||    11
Throw: Stone             |     6 |       ||     6
       Javelin           |     1 |       ||     1
 Cast: Beastly Appendage |    22 |     4 ||    26
 Abil: Hop               |     1 |       ||     1
  Use: Scroll            |       |     2 ||     2
       Potion            |       |     1 ||     1
 Stab: Sleeping          |     3 |       ||     3
  Eat: Chunk             |     5 |     1 ||     6
Armor: Robe              |     6 |       ||     6
       Leather armour    |    50 |     9 ||    59
Dodge: Dodged            |   129 |    29 ||   158

Table legend:
 A = Spawn XP
 B = Non-spawn XP
 C = Spawn XP percentage of total XP
 D = Spawn monster count
 E = Non-spawn monster count
 F = Spawn count percentage of total count
 G = Total turns spent on level
                    A         B        C        D         E        F      G
               +---------+---------+-------+---------+---------+-------+---------
         Total |       0 |     151 |   0.0 |       0 |      62 |   0.0 |  2555
               +---------+---------+-------+---------+---------+-------+---------
           D:1 |       0 |      55 |   0.0 |       0 |      31 |   0.0 |  1571
           D:2 |       0 |      51 |   0.0 |       0 |      27 |   0.0 |   760
           D:3 |       0 |      45 |   0.0 |       0 |       4 |   0.0 |   224
               +---------+---------+-------+---------+---------+-------+---------
